 Dungeon Crawl Stone Soup version 0.27-a0-287-gd4424db430 (webtiles) character file.

Game seed: 5975621590408930392

90265 mortress the Thaumaturge (level 15, -2/117 HPs)
             Began as a Mummy Necromancer on Feb 8, 2021.
             Was the Champion of Nemelex Xobeh.
             Slain by a redback (12 damage)
             ... on level 3 of the Spider Nest.
             The game lasted 02:51:10 (36543 turns).

mortress the Thaumaturge (Mummy Necromancer)       Turns: 36543, Time: 02:51:10

Health: -2/117     AC: 13    Str: 11    XL:     15   Next: 51%
Magic:  31/31      EV: 13    Int: 26    God:    Nemelex Xobeh [******]
Gold:   1335       SH:  0    Dex: 14    Spells: 18/39 levels left

rFire    x . .     SeeInvis +   b - +7 quick blade (elec)
rCold    + . .     Faith    .   A - +4 kite shield
rNeg     + + +     Spirit   .   B - +0 troll leather armour
rPois    ∞         Reflect  .   c - +2 helmet {SInv}
rElec    .         Harm     .   q - scarf {+Inv}
rCorr    .         Rampage  .   G - +0 pair of gloves
Will     +....                  e - +2 pair of boots {Fly}
Stlth    +.........             n - amulet of regeneration
HPRegen  1.09/turn              l - +6 ring of intelligence
MPRegen  0.22/turn              (no ring)

@: confused, flying
A: no potions, fire vulnerability, cold resistance 1, negative energy resistance
3, torment resistance, unbreathing, in touch with death 1
a: Stop Flying, Renounce Religion, Evoke Invisibility, Draw Escape, Draw
Destruction, Draw Summoning, Triple Draw, Deal Four, Stack Five


You were on level 3 of the Spider Nest.
You worshipped Nemelex Xobeh.
Nemelex Xobeh was exalted by your worship.
You visited 5 branches of the dungeon, and saw 23 of its levels.
You also visited: Ossuary.

You collected 2771 gold pieces.
You spent 1436 gold pieces at shops.

Inventory:

Hand Weapons
 b - a +7 quick blade of electrocution (weapon)
Missiles
 s - 104 poisoned darts
 z - a curare-tipped dart (quivered)
Armour
 c - a +2 helmet of see invisible (worn)
 e - a +2 pair of boots of flying (worn)
 q - a scarf of invisibility (worn)
 A - a +4 kite shield (worn)
 B - a +0 troll leather armour (worn)
 G - a +0 pair of gloves (worn)
Jewellery
 h - a +6 ring of dexterity
 i - an uncursed ring of resist corrosion
 l - a +6 ring of intelligence (left hand)
 n - an amulet of regeneration (around neck)
 w - an uncursed ring of see invisible
 y - an uncursed ring of wizardry
 C - an uncursed ring of protection from cold
Wands
 p - a wand of mindburst (11)
 x - a wand of flame (36)
 D - a wand of random effects (16)
 F - a wand of acid (10)
 K - a wand of digging (14)
 M - a wand of polymorph (6)
Scrolls
 a - 4 scrolls of summoning
 f - 10 scrolls of remove curse
 j - 4 scrolls of immolation
 k - a scroll of noise
 m - 5 scrolls of amnesia
 o - a scroll of teleportation
 t - 2 scrolls of holy word
 u - 2 scrolls of magic mapping
 E - 2 scrolls of torment
 H - a scroll of silence {unknown}
 J - a scroll of fog {unknown}
Miscellaneous
 d - a box of beasts (inert)
 g - a phantom mirror (inert)


   Skills:
 + Level 10.7 Fighting
 - Level 8.0 Short Blades
 + Level 7.7 Armour
 - Level 6.0 Dodging
 - Level 5.0 Stealth
 + Level 5.4 Shields
 + Level 12.7 Spellcasting
 + Level 11.4 Necromancy
 + Level 1.4 Transmutations
 + Level 2.0 Earth Magic
 + Level 5.2 Poison Magic
 + Level 9.0 Invocations
 - Level 5.0 Evocations


You had 18 spell levels left.
You knew the following spells:

 Your Spells              Type           Power        Failure   Level
a - Pain                  Necr           100%         1%          1
b - Animate Skeleton      Necr           100%         1%          1
c - Vampiric Draining     Necr           42%          1%          3
d - Animate Dead          Necr           42%          1%          4
e - Olgreb's Toxic Radia  Pois           43%          19%         4
f - Ignite Poison         Fire/Tmut/Pois 28%          19%         3
g - Borgnjor's Vile Clut  Necr/Erth      33%          26%         5

Your spell library contained the following spells:

 Spells                   Type           Power        Failure   Level
 Sting                    Tmut/Pois      100%         3%          1
 Agony                    Necr           85%          3%          5
 Poisonous Vapours        Pois/Air       60%          8%          2
 Corona                   Hex            17%          16%         1
 Freeze                   Ice            64%          16%         1
 Magic Dart               Conj           64%          16%         1
 Blink                    Tloc           N/A          22%         2
 Call Imp                 Summ           16%          22%         2
 Ensorcelled Hibernation  Hex/Ice        32%          22%         2
 Slow                     Hex            16%          22%         2
 Mephitic Cloud           Conj/Pois/Air  25%          22%         3
 Death Channel            Necr           42%          22%         6
 Confusing Touch          Hex            16%          41%         3
 Conjure Flame            Conj/Fire      16%          41%         3
 Dazzling Flash           Conj/Hex       32%          41%         3
 Frozen Ramparts          Ice            32%          41%         3
 Gell's Gravitas          Tloc           8%           41%         3
 Ozocubu's Armour         Ice            16%          41%         3
 Portal Projectile        Hex/Tloc       32%          41%         3
 Tukima's Dance           Hex            16%          41%         3
 Hailstorm                Conj/Ice       16%          83%         4
 Summon Ice Beast         Ice/Summ       16%          83%         4
 Simulacrum               Ice/Necr       31%          92%         6
 Irradiate                Conj/Tmut      10%          97%         5
 Dispersal                Tloc           8%           100%        6
 Disjunction              Tloc           8%           100%        8
 Hydra Form               Tmut           Unusable     N/A         6
 Statue Form              Tmut/Erth      Unusable     N/A         6
 Dragon Form              Tmut           Unusable     N/A         7

Dungeon Overview and Level Annotations

Branches:
Dungeon (11/15)            Temple (1/1) D:7            Lair (6/6) D:10
 Shoals (0/4) Lair:4       Spider (3/4) Lair:3        Slime (0/5) Lair:6
    Orc (2/2) D:10            Elf (0/3) Orc:2       Ossuary (visited)

Altars:
Ashenzari
Cheibriados
Dithmenos
Elyvilon
Fedhas
Gozag
Hepliaklqana
Kikubaaqudgha
Makhleb
Nemelex Xobeh
Okawaru
Qazlal
Ru
Sif Muna
Trog
Uskayaw
Vehumet
Wu Jian
Xom
Yredelemnul
Zin
The Shining One
Beogh

Shops:
D:4 :   D:5 (   D:11 ((   Orc:1 [   Orc:2 =*::

Annotations:
D:3 2 transporters, siradein's ghost, weakling DsGl
Lair:1 3 runed translucent doors, Tarl's ghost, journeyman DsGl
Orc:2 2 transporters, runemasterragnar's ghost, journeyman OpFi


Innate Abilities, Weirdness & Mutations

You do not drink.
Your flesh is vulnerable to fire.
You are immune to poison.
Your flesh is cold resistant. (rC+)
You are immune to negative energy. (rN+++)
You are immune to unholy pain and torment.
You can survive without breathing.
You are in touch with the powers of death.


Message History

Unknown command.
You puncture the tarantella!
The tarantella is heavily wounded.
The redback misses you. The tarantella bites you!
* * * LOW HITPOINT WARNING * * *
The redback barely misses you. The redback bites you.
* * * LOW HITPOINT WARNING * * *
The redback bites you.
* * * LOW HITPOINT WARNING * * *
Unknown command.
You are too confused!
Unknown command.
Unknown command.
Okay, then.
Unknown command.
You puncture the redback!
The redback is moderately wounded.
The redback closely misses you. The redback bites you!
You die...
Your body glows with a rainbow of weird colours and disappears.

#......## #####...###.#
#.....#.####...##.....#.
#....##.##......#....)#.
#...# ##...............#
#..# ##.................
#.# ##................##
## ##^...........^.....#
#.#..sss^..............
#...s@s.......###..(.#
#.....s........# .....
#..............# #....
#^##[^...........# #
##........^....
##............
#.............
..##........... .#
#....###....


You could see a tarantella and 5 redbacks.

Vanquished Creatures
  An orc warlord (Orc:2)
  A ghost moth (Spider:3)
  2 emperor scorpions
  2 entropy weavers
  A spark wasp (Spider:3)
  An ice dragon (Lair:6)
  3 hydras
  3 boulder beetles
  Erica (D:8)
  An alligator (Lair:6)
  2 two-headed ogres
  An orc high priest (Orc:1)
  A lindwurm (Lair:6)
  2 orc knights (Orc:2)
  13 wolf spiders
  7 orb spiders
  2 orc sorcerers (Orc:1)
  A moth of wrath (Spider:3)
  5 elephants (Lair:6)
  An ice statue (Lair:5)
  5 black mambas
  5 torpor snails (Lair:6)
  A centaur skeleton (D:10)
  12 cane toads
  7 demonic crawlers
  3 rime drakes
  6 komodo dragons
  5 trolls
  14 jumping spiders
  9 hornets
  7 polar bears
  4 tyrant leeches (Lair:6)
  3 blink frogs (Lair:6)
  17 dream sheep
  16 tarantellas
  61 redbacks
  2 wyverns
  36 yaks
  2 basilisks
  A neqoxec (Lair:5)
  Grum (D:8)
  5 wargs
  9 hell hounds (Lair:6)
  8 water moccasins
  41 orc warriors
  9 ice beasts
  3 sky beasts
  12 ogres
  14 black bears
  2 eyes of draining
  A swamp drake (Lair:5)
  3 necrophages
  A tengu (Lair:5)
  41 wolves
  13 centaurs
  2 phantoms
  A kobold brigand (D:9)
  11 bullfrogs
  A water moccasin zombie (D:7)
  4 scorpions
  2 killer bees
  11 wights
  A howler monkey (D:7)
  2 centaur zombies (D:8)
  A bullfrog zombie (D:5)
  4 jellies
  13 orc priests
  4 hounds
  A gnoll shaman (Orc:1)
  18 orc wizards
  3 iguanas
  A hell rat (Lair:6)
  9 worker ants
  3 hound zombies
  2 mummies (D:8)
  2 worker ant zombies
  3 gnolls (Orc:1)
  15 adders
  A shadow imp (D:7)
  3 white imps
  5 ufetubi
  2 oozes (Lair:6)
  3 adder skeletons
  An adder zombie (D:5)
  5 worms
  A dart slug (D:2)
  7 leopard geckos
  59 orcs
  8 giant cockroaches
  A gnoll zombie (Ossuary)
  6 goblins
  10 hobgoblins
  11 jackals
  5 quokkas
  3 ball pythons
  7 bats
  6 frilled lizards
  14 kobolds
  A kobold zombie (Ossuary)
  An orc zombie (Ossuary)
  A quokka zombie (D:5)
  7 rats
712 creatures vanquished.

Vanquished Creatures (collateral kills)
  An emperor scorpion (Spider:1)
  A swamp dragon (Lair:4)
  An orb spider (Spider:3)
  A wolf spider (Spider:1)
  A rime drake (Lair:4)
  2 demonic crawlers (Spider:1)
  6 polar bears (Lair:6)
  A wind drake (Lair:4)
  4 jumping spiders
  A hornet (Spider:1)
  2 blink frogs (Lair:6)
  3 dream sheep (Lair:2)
  2 redbacks
  3 tarantellas
  2 yaks (Lair:4)
  2 wargs (Lair:6)
  6 hell hounds (Lair:6)
  2 black bears (Lair:6)
  3 wolves (Lair:6)
  3 hell rats (Lair:6)
  An orc (Orc:2)
48 creatures vanquished.

Vanquished Creatures (others)
  A cane toad (Lair:6)
  A dream sheep (Lair:6)
  An ooze (Lair:6)
  39 fungi
  76 plants
118 creatures vanquished.

Grand Total: 878 creatures vanquished

Notes
Turn   | Place    | Note
-------+----------+-------------------------------------------
     0 | D:1      | mortress the Mummy Necromancer began the quest for the Orb.
     0 | D:1      | Reached XP level 1. HP: 13/13 MP: 4/4
   173 | D:1      | Reached XP level 2. HP: 18/20 MP: 0/5
   617 | D:1      | Reached skill level 3 in Spellcasting
   935 | D:1      | Reached skill level 1 in Fighting
   937 | D:1      | Learned a level 1 spell: Animate Skeleton
  1012 | D:1      | Reached XP level 3. HP: 24/26 MP: 1/7
  1901 | D:2      | Reached XP level 4. HP: 32/32 MP: 9/9
  2832 | D:3      | Found a transporter.
  2832 | D:3      | Noticed siradein's ghost (weakling DsGl)
  2857 | D:3      | Found a transporter.
  2947 | D:3      | Found a faded altar of an unknown god.
  2952 | D:3      | Became a worshipper of Gozag Ym Sagoz the Greedy
  2962 | D:3      | Found a shimmering blue altar of Sif Muna.
  3360 | D:4      | Reached skill level 1 in Shields
  3360 | D:4      | Reached XP level 5. HP: 37/37 MP: 10/10
  3634 | D:4      | Found a glowing drain.
  3672 | D:4      | Fell from the grace of Gozag
  3824 | D:4      | Found a burning altar of Makhleb.
  4107 | D:4      | Noticed a phantom
  4212 | D:4      | Found Poarriv's Book Emporium.
  4460 | D:4      | Reached skill level 1 in Short Blades
  4460 | D:4      | Reached skill level 4 in Spellcasting
  4460 | D:4      | Reached XP level 6. HP: 40/44 MP: 10/12
  4571 | D:5      | Entered Level 5 of the Dungeon
  5159 | D:5      | Noticed an ice beast
  5534 | D:5      | Found Fytozaxt's Antique Weapon Boutique.
  5542 | D:5      | Bought a glowing dagger for 90 gold pieces
  5567 | D:5      | Was forgiven by Gozag
  5891 | D:5      | Reached XP level 7. HP: 51/51 MP: 9/13
  5944 | D:5      | Reached skill level 5 in Necromancy
  6600 | D:6      | Reached skill level 5 in Spellcasting
  6679 | D:6      | Reached XP level 8. HP: 50/58 MP: 15/15
  8197 | D:7      | Found a staircase to the Ecumenical Temple.
  8208 | Temple   | Entered the Ecumenical Temple
  8496 | Temple   | Became a worshipper of Nemelex Xobeh the Trickster
  9003 | D:7      | Reached skill level 6 in Spellcasting
  9003 | D:7      | Reached skill level 1 in Invocations
  9114 | D:7      | Reached XP level 9. HP: 65/65 MP: 18/18
  9432 | D:8      | Noticed Grum
  9449 | D:8      | HP: 2/65 [Grum/-1 glaive of flaming (13)]
  9614 | D:8      | Reached * piety under Nemelex Xobeh
  9624 | D:8      | Found a sand-covered staircase.
  9629 | Ossuary  | Entered an ossuary
  9976 | D:8      | Learned a level 3 spell: Vampiric Draining
  9981 | D:8      | Learned a level 4 spell: Animate Dead
 10155 | D:8      | Killed Grum
 10437 | D:8      | Noticed Erica
 10989 | D:8      | Killed Erica
 10990 | D:8      | Reached skill level 5 in Fighting
 10990 | D:8      | Reached skill level 5 in Stealth
 11424 | D:9      | Noticed a troll
 11693 | D:9      | Reached skill level 7 in Spellcasting
 11693 | D:9      | Reached XP level 10. HP: 50/74 MP: 18/20
 11872 | D:9      | Received a gift from Nemelex Xobeh
 12051 | D:9      | Noticed a two-headed ogre
 12136 | D:9      | Killed a two-headed ogre
 12137 | D:9      | Reached skill level 1 in Armour
 12316 | D:9      | Received a gift from Nemelex Xobeh
 12477 | D:9      | Reached skill level 5 in Dodging
 12847 | D:10     | Entered Level 10 of the Dungeon
 12847 | D:10     | Reached ** piety under Nemelex Xobeh
 12981 | D:10     | Noticed a two-headed ogre
 14119 | D:10     | Reached skill level 8 in Spellcasting
 14268 | D:10     | Killed a two-headed ogre
 14475 | D:10     | Reached XP level 11. HP: 83/83 MP: 23/23
 14804 | D:10     | Found a staircase to the Lair.
 15462 | D:10     | Found a staircase to the Orcish Mines.
 15498 | D:11     | Found Depigod's Weapon Boutique.
 15558 | D:11     | Noticed a purple ugly thing
 15597 | D:11     | Found Lamoehel's Antique Weapon Emporium.
 15679 | Lair:1   | Entered Level 1 of the Lair of Beasts
 16367 | Lair:1   | Reached *** piety under Nemelex Xobeh
 16385 | Lair:1   | Noticed a six-headed hydra
 16432 | Lair:1   | Killed a six-headed hydra
 16598 | Lair:1   | Reached skill level 5 in Short Blades
 16819 | Lair:1   | Found a runed translucent gate.
 16820 | Lair:1   | Found a runed translucent gate.
 16821 | Lair:1   | Found a runed translucent gate.
 16822 | Lair:1   | Noticed Tarl's ghost (journeyman DsGl)
 17725 | Lair:1   | Reached skill level 9 in Spellcasting
 17742 | Lair:1   | Reached skill level 5 in Invocations
 18032 | Lair:1   | Reached skill level 1 in Evocations
 18200 | Lair:1   | Found a runed translucent gate.
 18201 | Lair:1   | Found a runed translucent gate.
 18202 | Lair:1   | Found a runed translucent gate.
 19476 | Lair:2   | Reached XP level 12. HP: 91/91 MP: 25/25
 20023 | Lair:2   | Reached **** piety under Nemelex Xobeh
 20077 | Lair:2   | Received a gift from Nemelex Xobeh
 20595 | Lair:3   | Received a gift from Nemelex Xobeh
 21165 | Lair:3   | Received a gift from Nemelex Xobeh
 21210 | Lair:3   | Found a hole to the Spider Nest.
 21652 | Lair:4   | Reached ***** piety under Nemelex Xobeh
 21996 | Lair:4   | Noticed a boulder beetle
 22013 | Lair:4   | Noticed a boulder beetle
 22173 | Lair:4   | Received a gift from Nemelex Xobeh
 22462 | Lair:4   | Noticed a seven-headed hydra
 22490 | Lair:4   | Noticed an emperor scorpion
 22490 | Lair:4   | a seven-headed hydra changed into an emperor scorpion
 22525 | Lair:4   | Reached skill level 10 in Spellcasting
 22545 | Lair:4   | Killed an emperor scorpion
 22628 | Lair:4   | Found a staircase to the Shoals.
 23034 | Lair:4   | Killed a boulder beetle
 23035 | Lair:4   | Reached skill level 5 in Armour
 23176 | Lair:5   | Received a gift from Nemelex Xobeh
 23274 | Lair:5   | Noticed a four-headed hydra
 23288 | Lair:5   | Killed a four-headed hydra
 23434 | Lair:4   | Killed a boulder beetle
 24607 | Lair:5   | Gained mutation: You are in touch with the powers of death.
                  | [Mummy growth]
 24607 | Lair:5   | Reached XP level 13. HP: 66/99 MP: 15/27
 24985 | Lair:5   | Learned a level 4 spell: Olgreb's Toxic Radiance
 25615 | Lair:6   | Entered Level 6 of the Lair of Beasts
 25620 | Lair:6   | Received a gift from Nemelex Xobeh
 25695 | Lair:6   | Found a staircase to the Slime Pits.
 25871 | Lair:6   | Reached skill level 1 in Poison Magic
 25892 | Lair:6   | Identified the -1 trident of Ambiguity {protect, rN+}
 26643 | Lair:6   | Reached skill level 11 in Spellcasting
 27316 | Lair:6   | Received a gift from Nemelex Xobeh
 27332 | Lair:6   | Reached skill level 10 in Necromancy
 27410 | Lair:6   | Identified the -2 quarterstaff of Duttysev {freeze,
                  | *Corrode Str+4 Int+6 Dex+2}
 27568 | Lair:6   | Reached skill level 5 in Evocations
 27952 | Lair:6   | Identified the -1 trident "Ysatys" {vorpal, Will++}
 28349 | Lair:6   | Got a heavily runed scale mail
 28350 | Lair:6   | Identified the cursed +0 scale mail of Iqocw {Harm rF- MP+9
                  | SInv Stlth+} (You found it on level 6 of the Lair of
                  | Beasts)
 28575 | Lair:6   | Found a runed translucent door.
 28845 | Lair:6   | Reached XP level 14. HP: 41/108 MP: 9/29
 29167 | Lair:6   | Learned a level 3 spell: Ignite Poison
 29728 | Orc:1    | Entered Level 1 of the Orcish Mines
 29728 | Orc:1    | Found Teih's Armour Emporium.
 29765 | Orc:1    | Bought a +1 helmet of see invisible for 214 gold pieces
 29790 | Orc:1    | Received a gift from Nemelex Xobeh
 30541 | Orc:2    | Entered Level 2 of the Orcish Mines
 30813 | Orc:2    | Received a gift from Nemelex Xobeh
 30940 | Orc:2    | Found a transporter.
 30953 | Orc:2    | Noticed runemasterragnar's ghost (journeyman OpFi)
 31025 | Orc:2    | Found a transporter.
 31145 | Orc:2    | Noticed an orc warlord
 31329 | Orc:2    | Killed an orc warlord
 31589 | Orc:2    | Found a roughly hewn altar of Beogh.
 31776 | Orc:2    | Found a staircase to the Elven Halls.
 32068 | Orc:2    | Reached skill level 10 in Fighting
 32234 | Orc:2    | Found Apneng's Book Boutique.
 32234 | Orc:2    | Found Xaof Gue's General Store.
 32237 | Orc:2    | Found Iwohif's Book Shop.
 32238 | Orc:2    | Found Qauffu's Jewellery Emporium.
 32244 | Orc:2    | Bought a book of Unlife for 975 gold pieces
 32245 | Orc:2    | Bought a scroll of teleportation for 45 gold pieces
 32245 | Orc:2    | Bought a scroll of blinking for 112 gold pieces
 32544 | Spider:1 | Entered Level 1 of the Spider Nest
 32551 | Spider:1 | Reached skill level 12 in Spellcasting
 32678 | Spider:1 | Noticed an emperor scorpion
 33063 | Spider:1 | Killed an emperor scorpion
 33409 | Spider:1 | Received a gift from Nemelex Xobeh
 33675 | Spider:2 | Identified a scroll of acquirement
 33677 | Spider:2 | Acquired a +3 quick blade
 33925 | Spider:2 | Learned a level 5 spell: Borgnjor's Vile Clutch
 34093 | Spider:2 | Reached XP level 15. HP: 116/117 MP: 31/31
 34193 | Spider:2 | Reached skill level 5 in Shields
 34193 | Spider:2 | HP: 4/117 [wolf spider (8)]
 34466 | Spider:2 | Reached skill level 1 in Earth Magic
 34970 | Spider:2 | Received a gift from Nemelex Xobeh
 35624 | Spider:2 | Reached skill level 5 in Poison Magic
 35801 | Spider:3 | Reached ****** piety under Nemelex Xobeh
 35997 | Spider:3 | Received a gift from Nemelex Xobeh
 36011 | Spider:3 | Reached skill level 1 in Transmutations
 36321 | Spider:3 | Noticed a ghost moth
 36335 | Spider:3 | Killed a ghost moth
 36543 | Spider:3 | Slain by a redback

Illustrated notes

Levels and vault maps discovered:
D:1:      dpeg_arrival_windows_large_door, layout_basic
D:2:      layout_loops_ring
D:3:      layout_loops_ring, lemuel_crystal_altar, gammafunk_ghost_arena,
          chequers_ecumenical_altar_simple, serial_bayou_ford_a
D:4:      layout_loops_ring, serial_shops, shop, gup_sewer_entry_glass,
          lemuel_altar_in_water
D:5:      layout_gridville, serial_shops,
          nicolae_shop_temple_entry_statues_fountains, minmay_liquid_box,
          hangedman_decor_peaks_small
D:6:      layout_basic, serial_park_tiny_1
D:7:      minmay_general_purpose_star, layout_loops_ring, temple_fountains,
          minmay_circle_x
D:8:      layout_loops_cross, enter_ossuary_5, uniq_grum, uniq_erica
D:9:      layout_loops_corners, serial_rivers, chequers_serial_rivers_large_a,
          chequers_serial_rivers_room_b, chequers_serial_rivers_micro_d,
          chequers_serial_rivers_micro_c, chequers_serial_rivers_large_b
D:10:     layout_layer_cave, lair_entry_dummy, orc_0_dummy, glass_columns_b
D:11:     cheibrodos_barr_body, layout_basic, enter_bailey_5, serial_shops,
          shop_fountains, shop
Temple:   regret_index_temple_sigil_plot
Lair:1:   layout_regular_city, ebering_ghost_rock_garden,
          cheibrodos_lair_reptile_den
Lair:2:   layout_regular_city, grunt_forest_large_clearings
Lair:3:   layout_chaotic_city, spider_nest_entry_funnel_web,
          nicolae_lair_grove_arrangements
Lair:4:   layout_regular_city, minmay_shoals_entry_beasts, grunt_megastairs_5
Lair:5:   layout_gridlike, st_stairs_13, ice2_lemuel
Lair:6:   hangedman_lair_caniforms_friends, layout_gridlike, wormcave,
          nicolae_slime_entry_slimehenge, gammafunk_lair_bear_cave
Spider:1: layout_spider_delve
Spider:2: layout_spider_delve
Spider:3: layout_chambers
Orc:1:    layout_diamond_mine, serial_shops, shop, nicolae_orc_rockfall
Orc:2:    st_orc_rangers, layout_caves, gammafunk_ghost_berserking_beasts,
          basic_altar

Skill      XL: |  1  2  3  4  5  6  7  8  9 10 11 12 13 14 15 |
---------------+----------------------------------------------+-----
Spellcasting   | 3 4 5 6 7 8 9 10 11 12 | 12.7
Fighting       | 1 2 3 4 5 6 7 8 9 10 | 10.7
Stealth        | 2 3 4 5 |  5.0
Dodging        | 2 3 4 5 6 |  6.0
Shields        | 1 2 3 4 5 |  5.4
Short Blades   | 1 2 3 4 5 6 7 8 |  8.0
Necromancy     | 5 6 7 8 9 10 11 | 11.4
Invocations    | 1 2 4 5 6 7 8 9 |  9.0
Armour         | 2 4 5 6 7 |  7.7
Evocations     | 2 3 5 |  5.0
Poison Magic   | 3 4 5 |  5.2
Earth Magic    | 2 |  2.0
Transmutations | 1 |  1.4

Action                   |  1- 3 |  4- 6 |  7- 9 | 10-12 | 13-15 || total
-------------------------+-------+-------+-------+-------+-------++-------
Melee: Dagger            |     3 |       |       |       |       ||     3
       Short sword       |    32 |   118 |   254 |   520 |   550 ||  1474
       Quick blade       |       |       |       |       |   375 ||   375
Throw: Dart              |       |       |     8 |     7 |       ||    15
 Cast: Pain              |    73 |    69 |    96 |   176 |    17 ||   431
       Vampiric Draining |       |       |     6 |   201 |    70 ||   277
       Animate Dead      |       |       |     5 |     9 |    18 ||    32
       Olgreb's Toxic Ra |       |       |       |       |   129 ||   129
       Ignite Poison     |       |       |       |       |    24 ||    24
       Borgnjor's Vile C |       |       |       |       |     4 ||     4
Invok: Renounce Religion |       |     1 |       |       |       ||     1
       Draw Destruction  |       |       |       |     9 |    32 ||    41
       Draw Escape       |       |       |       |     4 |     3 ||     7
       Draw Summoning    |       |       |       |     8 |    10 ||    18
       Triple Draw       |       |       |       |     2 |       ||     2
 Abil: Evoke Flight      |       |       |       |       |     1 ||     1
Evoke: Wand              |       |       |     5 |     7 |     5 ||    17
       Box of beasts     |       |       |       |       |     1 ||     1
       Phantom mirror    |       |       |       |       |     1 ||     1
  Use: Scroll            |       |       |    12 |     8 |    20 ||    40
 Stab: Sleeping          |     2 |     3 |    12 |     6 |     3 ||    26
       Fleeing           |       |       |       |     1 |       ||     1
       Paralysed         |       |       |       |     4 |       ||     4
       Distracted        |       |       |       |     1 |     2 ||     3
Armor: Robe              |    12 |    15 |    19 |     1 |       ||    47
       Troll leather arm |       |       |       |   137 |   351 ||   488
Dodge: Dodged            |    33 |    73 |   134 |   524 |   627 ||  1391
Block: Buckler           |     4 |    44 |    84 |   348 |   312 ||   792
       Kite shield       |       |       |       |       |   327 ||   327

Table legend: (Time is in decaauts)
 A = Elapsed time spent in this place.
 B = Non-inter-level travel time spent in this place.
 C = Inter-level travel time spent in this place.
 D = Time resting spent in this place.
 E = Time spent auto-exploring this place.
 F = Levels seen in this place.
 G = Mean time per level.
                   A        B        C        D        E       F      G
               +--------+--------+--------+--------+--------+-----+--------+
         Total |  36293 |  34261 |   2032 |  10691 |  16892 |  24 | 1512.2 |
       Dungeon |  15997 |  15031 |    966 |   3839 |   8323 |  11 | 1454.3 |
        Temple |    297 |    289 |      8 |      0 |    276 |   1 |  297.0 |
          Lair |  14233 |  13452 |    781 |   4838 |   6068 |   6 | 2372.2 |
   Spider Nest |   3043 |   2852 |    191 |   1079 |   1162 |   3 | 1014.3 |
  Orcish Mines |   2668 |   2583 |     85 |    920 |   1063 |   2 | 1334.0 |
       Ossuary |     52 |     52 |      0 |     15 |      0 |   1 |   52.0 |
               +--------+--------+--------+--------+--------+-----+--------+

Top non-repeatable levels by time:
  Lair:6: 3903 daAuts
  Lair:1: 3007 daAuts
    D:10: 2923 daAuts
  Lair:4: 2428 daAuts
     D:5: 2003 daAuts
  Lair:5: 1906 daAuts
     D:8: 1865 daAuts
     D:9: 1730 daAuts
   Orc:2: 1617 daAuts
  Lair:3: 1610 daAuts
Spider:2: 1514 daAuts
     D:6: 1505 daAuts
  Lair:2: 1377 daAuts
     D:4: 1353 daAuts
     D:1: 1334 daAuts
